 Dungeon Crawl Stone Soup version 0.20.0-15-g7f486f2 (webtiles) character file.

91 skittles the Firebug (level 4, 0/33 HPs)
             Began as a Draconian Fire Elementalist on June 15, 2017.
             Blown up by Ijyb (13 damage)
             ... with a wand of disintegration (?/24)
             ... on level 3 of the Dungeon.
             The game lasted 00:04:53 (2812 turns).

skittles the Firebug (Draconian Fire Elementalist)  Turns: 2812, Time: 00:04:54

Health: 0/33       AC:  5    Str: 11    XL:     4   Next: 33%
Magic:  0/8        EV: 12    Int: 16    God:
Gold:   118        SH:  0    Dex: 11    Spells: 1/9 levels left

rFire    . . .     SeeInvis .   d - +0 spear
rCold    . . .     Gourm    .   (no shield)
rNeg     . . .     Faith    .   (armour unavailable)
rPois    .         Spirit   .   (helmet restricted)
rElec    .         Reflect  .   (no cloak)
rCorr    .         Harm     .   (no gloves)
MR       .....                  (no boots)
Stlth    ++........             (no amulet)
Regen    0.2/turn               (no ring)
MPRegen  0.2/turn               (no ring)

@: very slightly contaminated
A: unfitting armour, cold-blooded, AC +5
a: no special abilities


You were on level 3 of the Dungeon.
You were not hungry.

You visited 1 branch of the dungeon, and saw 3 of its levels.

You collected 118 gold pieces.

Inventory:

Hand Weapons
 d - a +0 spear (weapon)
Jewellery
 g - a +4 ring of protection {unknown}
 k - an uncursed amulet of harm {unknown}
Scrolls
 e - 2 scrolls of magic mapping {unknown}
 m - a scroll of identify {unknown}
 n - a scroll of teleportation {unknown}
 q - a scroll of fog {unknown}
 r - a scroll of random uselessness {unknown}
 s - a scroll of remove curse {unknown}
Potions
 c - a potion of experience {unknown}
 h - 2 potions of heal wounds {unknown}
 i - a potion of curing {unknown}
 j - 2 potions of flight {unknown}
 l - a potion of berserk rage {unknown}
 p - a potion of might {unknown}
Books
 a - a book of Flames

   Spells                             Type                      Level
   a - Flame Tongue                   Conjuration/Fire             1
   b - Throw Flame                    Conjuration/Fire             2
   c - Conjure Flame                  Conjuration/Fire             3
   d - Inner Flame                    Hexes/Fire                   3
   e - Sticky Flame                   Conjuration/Fire             4
   f - Fireball                       Conjuration/Fire             5
Comestibles
 b - 2 bread rations
 f - a fruit
 o - 10 chunks of flesh


   Skills:
 - Level 1.7 Dodging
 - Level 1.7 Stealth
 + Level 3.0 Spellcasting
 + Level 2.2 Conjurations
 + Level 3.9 Fire Magic


You had one spell level left.
You knew the following spells:

 Your Spells              Type           Power        Failure   Level  Hunger
a - Flame Tongue          Conj/Fire      ##...        5%          1    #......
b - Conjure Flame         Conj/Fire      ##......     16%         3    ###....
c - Sticky Flame          Conj/Fire      ##......     45%         4    #####..


Dungeon Overview and Level Annotations

Branches:
Dungeon (3/15)

Altars:

Annotations:
D:3 Ijyb


Innate Abilities, Weirdness & Mutations

Your plain brown scales are hard. (AC +5)
You cannot fit into any form of body armour.
You are cold-blooded and may be slowed by cold attacks.


Message History

Ijyb hits you but does no damage.
Casting: Flame Tongue
Confirm with . or Enter, or press ? or * to list all spells.
You don't have enough magic to cast that spell.
Unknown command.
You closely miss Ijyb.
Ijyb is severely wounded.
Ijyb barely misses you.
Casting: Flame Tongue
Confirm with . or Enter, or press ? or * to list all spells.
Aiming: Flame Tongue
Press: ? - help, Shift-Dir - straight line, f/p - Ijyb
Aim: Ijyb, wielding a club, wearing a ring mail and carrying a wand of disintegration (?/24) {zapped: 2} (severely wounded)
The flame tongue hits Ijyb.
Ijyb is almost dead.
Ijyb zaps a wand.
You barely resist. You barely miss Ijyb.
Ijyb is almost dead.
Ijyb zaps a wand.
You are blasted!
You die...

##..# #.####.#.# ##..#
#.##...#.#
#...#######.##.....###
.....................+
#...#######.##.....##
##..# #........# ##.#
#.##..#.## #.#
#.###...# #.# #.#
##@.# #.# #.....g.#
#.# ######.## #.# #.#
#.# #.# #.# #.# #.# #
#). .


You could see Ijyb.

Vanquished Creatures
  2 adders (D:2)
  A worm (D:2)
  A dart slug (D:1)
  2 leopard geckos
  12 orcs (D:3)
  2 ball pythons (D:1)
  2 giant cockroaches
  5 goblins
  7 hobgoblins
  8 bats
  A frilled lizard (D:2)
  4 kobolds
  4 rats
51 creatures vanquished.

Notes
Turn   | Place    | Note
-------+----------+-------------------------------------------
     0 | D:1      | skittles the Draconian Fire Elementalist began the quest for the Orb.
     0 | D:1      | Reached XP level 1. HP: 14/14 MP: 3/3
   370 | D:1      | Reached XP level 2. HP: 15/20 MP: 1/5
  1450 | D:2      | Reached XP level 3. HP: 23/26 MP: 6/6
  2212 | D:3      | Reached XP level 4. HP: 11/33 MP: 0/8
  2411 | D:3      | Learned a level 3 spell: Conjure Flame
  2416 | D:3      | Learned a level 4 spell: Sticky Flame
  2796 | D:3      | Noticed Ijyb
  2812 | D:3      | Blown up by Ijyb

Skill      XL: |  1  2  3  4 |
---------------+-------------+-----
Conjurations   | 2 |  2.2
Spellcasting   | 3 |  3.0
Dodging        | |  1.7
Stealth        | |  1.7
Fire Magic     | |  3.9

Action                   |  1- 3 |  4- 6 || total
-------------------------+-------+-------++-------
Melee: Unarmed           |     9 |       ||     9
       Tailslap          |    10 |     5 ||    15
       Dagger            |    34 |       ||    34
       Spear             |    76 |    50 ||   126
 Cast: Flame Tongue      |    38 |    17 ||    55
       Conjure Flame     |       |     2 ||     2
 Stab: Sleeping          |     2 |       ||     2
  Eat: Chunk             |     4 |     3 ||     7
Armor: Skin              |    65 |     8 ||    73
Dodge: Dodged            |   104 |    20 ||   124
